 Dungeon Crawl Stone Soup version 0.31-a0-1-g4198be8af4 (webtiles) character file.

Game seed: 1387200484501524309

8346 scionoferis the Basher (level 11, 0/102 HPs)
             Began as a Ghoul Berserker on May 1, 2023.
             Was an Elder of Trog.
             Slain by an orc warrior
             ... wielding a +2 heavy battleaxe
              (27 damage)
             ... on level 8 of the Dungeon on May 2, 2023.
             The game lasted 00:30:23 (8296 turns).

scionoferis the Basher (Ghoul Berserker)            Turns: 8296, Time: 00:30:24

Health: 0/102      AC: 10    Str: 21    XL:     11   Next: 29%
Magic:  10/10      EV: 11    Int:  5    God:    Trog [****..]
Gold:   387        SH:  0    Dex: 10    Spells: 10/10 levels left

rFire   + + .        a - +1 whip (elec)
rCold   . . .        (no shield)
rNeg    + + +        I - +0 acid dragon scales
rPois   ∞            (no helmet)
rElec   .            t - +0 cloak {Stlth+}
rCorr   +            (no gloves)
SInv    .            H - +2 pair of boots {Fly}
Will    .....        (no amulet)
Stlth   ++           D - ring of protection from fire
HPRegen 0.00/turn    h - ring of fire
MPRegen 0.12/turn

%: no passive effects
@: flying, inhibited regen
A: claws 1, cold resistance 1, negative energy resistance 3, inhibited
regeneration, torment resistance 2, devour on kill
a: Renounce Religion, Trog's Hand, Brothers in Arms


You were on level 8 of the Dungeon.
You worshipped Trog.
Trog was greatly pleased with you.
You visited 1 branch of the dungeon, and saw 8 of its levels.
You also visited: Bailey.

You collected 529 gold pieces.
You spent 142 gold pieces at shops.


Innate Abilities, Weirdness & Mutations

You are immune to poison.
You have sharp fingernails.
Your flesh is cold resistant. (rC+)
You are immune to negative energy. (rN+++)
You do not regenerate when monsters are visible.
You are immune to unholy pain and torment.
You thrive by killing the living.


   Skills:
 + Level 11.2 Fighting
 + Level 12.8 Maces & Flails
 + Level 2.6 Armour
 + Level 2.5 Dodging
 + Level 1.5 Evocations


You had 10 spell levels left.
You didn't know any spells.
Your spell library was empty.

Inventory:

Hand Weapons
 a - a +1 whip of electrocution (weapon)
   (You took it off Pikel on level 4 of the Dungeon)
 b - a +1 flail of venom
   (You took it off Edmund on level 4 of the Dungeon)
 d - a +1 mace of venom
   (You found it on level 1 of the Dungeon)
 v - a +3 morningstar
   (You took it off a wight on level 6 of the Dungeon)
Missiles
 i - 17 boomerangs (quivered)
 q - 3 javelins
 u - a curare-tipped dart
 w - 4 poisoned darts
Armour
 t - a +0 cloak of stealth (worn)
   (You took it off Crazy Yiuf on level 7 of the Dungeon)
 H - a +2 pair of boots of flying (worn)
   (You found it in a bailey)
 I - +0 acid dragon scales (worn)
   (You took it off Maggie on level 8 of the Dungeon)
Jewellery
 h - a ring of fire (right claw)
   (You found it on level 2 of the Dungeon)
 D - a ring of protection from fire (left claw)
   (You took it off a kobold in a bailey)
Wands
 p - a wand of flame (5)
   (You took it off Dowan on level 4 of the Dungeon)
 x - a wand of acid (5)
   (You found it on level 6 of the Dungeon)
 C - a wand of charming (7)
   (You found it on level 8 of the Dungeon)
 F - a wand of roots (7)
   (You found it in a bailey)
Scrolls
 c - a scroll of acquirement
 j - 5 scrolls of enchant weapon
 k - 5 scrolls of magic mapping
 l - a scroll of enchant armour
 o - 5 scrolls of noise
 s - a scroll of silence
 A - a scroll of blinking
 B - a scroll of fog {unknown}
 J - 2 scrolls of immolation {unknown}
Potions
 e - 3 potions of attraction {unknown}
 f - 2 potions of magic {unknown}
 m - a potion of resistance {unknown}
 n - 4 potions of lignification {unknown}
 r - a potion of haste
 z - a potion of might {unknown}
 E - 3 potions of flight
 G - a potion of heal wounds

Dungeon Overview and Level Annotations

Branches:
Dungeon (8/15)             Temple (0/1) D:6          Bailey (visited)
   Lair: D:8-11

Altars:
Dithmenos
Fedhas
Gozag
Kikubaaqudgha
Okawaru
Qazlal
Trog
Xom

Shops:
D:3 !   D:7 *   D:8 *!

Annotations:
D:2 Sigmund
D:8 exclusion: door

#..#................###******,
#..#.)............###,,*,,,,,,
#..##'##........###,,,,,,***+*
#......#....).###,,****,,*,,,,
#......#....###,,,,,,,,,,*,***
*########).##+,,*********,*,*,*
*,,.......o..###,,,,,,,,*,*,*+*
*,,.......oOc.o###,,*****,*,,,,
*,,.........)c@)o###,,,,*,*****
*,,...........#ooYo###,,*,,,,,,
***###############.o.###**,,,**
#....o.##,**** #.......#,**
#.†.....##,* #........#,** *
##.#####.##,* * ###*,*#..#,***


You could see a centaur warrior (ally target), a yak, 2 orc warriors, 4 orcs, a
friendly two-headed ogre (summoned), 2 friendly orc warriors, a friendly centaur
(summoned) and a friendly orc (summoned).


Message History

The boomerang hits you but does no damage.
A kobold, an orc warrior and a goblin come into view.
The kobold shouts!
The orc warrior shouts!
The kobold throws a boomerang.
The boomerang hits you but does no damage.
The kobold throws a boomerang.
The boomerang barely misses you. The kobold barely misses you.
The goblin moves out of view.
You whack the kobold! Lightning courses through the kobold!
You kill the kobold!
Trog accepts your kill.
You feel better.
A kobold comes into view.
The kobold shouts!
You hear a shout!
The kobold throws a boomerang.
The boomerang closely misses you.
The kobold throws a boomerang.
The boomerang hits you.
An orc warrior comes into view. It is wielding a +0 hand axe.
Things that are here:
2 boomerangs; a kobold corpse The kobold throws a boomerang.
The boomerang barely misses you.
The kobold throws a boomerang.
The boomerang hits you but does no damage.
The kobold throws a boomerang.
The boomerang barely misses you.
The kobold throws a boomerang.
The boomerang hits you but does no damage.
The kobold throws a boomerang.
The boomerang hits you but does no damage.
The kobold throws a boomerang.
The boomerang closely misses you.
You start resting.
HP restored.
You hit the orc warrior.
The orc warrior is lightly wounded.
The orc warrior hits you with a +0 war axe!
You hit the orc warrior.
The orc warrior is moderately wounded.
The orc warrior hits you with a +0 war axe!
You completely miss the orc warrior.
The orc warrior is moderately wounded.
You hit the orc warrior.
The orc warrior is heavily wounded.
The orc warrior hits you with a +0 war axe.
You hit the orc warrior.
The orc warrior is heavily wounded.
You hit the orc warrior.
Lightning courses through the orc warrior!
You kill the orc warrior!
Trog accepts your kill.
You feel better. The goblin hits you with a +0 war axe.
You hit the orc warrior but do no damage.
You whack the orc warrior!
Lightning courses through the orc warrior!
The orc warrior is almost dead.
The goblin barely misses you.
The orc warrior hits you with a +0 hand axe.
You whack the goblin!
You kill the goblin!
Trog accepts your kill.
You feel better.
You barely miss the orc warrior.
The orc warrior is almost dead.
The orc warrior closely misses you.
You closely miss the orc warrior.
The orc warrior is almost dead.
You hit the orc warrior.
The orc warrior is almost dead.
The orc warrior hits you but does no damage.
You hit the orc warrior but do no damage.
The orc warrior is almost dead.
You hit the orc warrior.
You kill the orc warrior!
Trog accepts your kill.
Your Maces & Flails skill increases to level 12!
You start resting.
HP restored.
Things that are here:
a +0 war axe; a +0 leather armour; a goblin corpse
Items here: )) [[ †.
Okay, then.
The kobold shouts!
The kobold throws a boomerang.
The boomerang barely misses you.
The kobold throws a boomerang.
The boomerang closely misses you.
The kobold throws a boomerang.
The boomerang hits you but does no damage.
The kobold throws a boomerang.
The boomerang completely misses you.
The kobold shouts! x2
The kobold throws a boomerang.
The boomerang barely misses you.
A goblin comes into view. It is wielding a +0 hand axe.
The kobold throws a boomerang.
The boomerang hits you.
The goblin shouts!
The kobold throws a boomerang.
The boomerang hits you but does no damage.
The kobold throws a boomerang.
The boomerang hits you but does no damage.
The kobold throws a boomerang.
The boomerang hits you but does no damage.
The kobold throws a boomerang.
The boomerang barely misses you.
Things that are here:
2 boomerangs; a kobold corpse
i - 4 boomerangs (gained 2)
The kobold throws a boomerang.
The boomerang closely misses you.
The kobold throws a boomerang.
The boomerang barely misses you.
The kobold throws a boomerang.
The boomerang hits you but does no damage.
The kobold throws a boomerang.
The boomerang hits you but does no damage.
An orc knight comes into view. It is wielding a +0 war axe.
The kobold throws a boomerang.
The boomerang barely misses you.
The kobold throws a boomerang.
The boomerang hits you.
A kobold comes into view.
The kobold throws a boomerang.
The boomerang completely misses you.
The kobold throws a boomerang.
The boomerang hits you but does no damage.
The kobold throws a boomerang.
The boomerang hits you but does no damage.
You enter the shallow water.
Moving in this stuff is going to be slow.
The kobold throws a boomerang.
The boomerang hits you but does no damage.
Your unstable footing causes you to fumble your attack.
The kobold hits you but does no damage.
The kobold throws a boomerang.
The boomerang hits you but does no damage.
The kobold throws a boomerang.
The boomerang hits you but does no damage.
Your unstable footing causes you to fumble your attack.
Your unstable footing causes you to fumble your attack.
The kobold closely misses you.
You hit the kobold but do no damage. Lightning courses through the kobold!
You kill the kobold!
Trog accepts your kill.
You feel better.
You hear a splash. x2
The kobold barely misses you. The kobold hits you.
The kobold hits you but does no damage. The kobold barely misses you.
Things that are here:
a boomerang; a fuming black potion You hit the kobold.
You kill the kobold!
Trog accepts your kill.
You feel better.
The kobold throws a boomerang.
The boomerang hits you but does no damage.
The kobold completely misses you. The kobold attacks as you move away!
The kobold hits you but does no damage. x2
The kobold throws a boomerang.
The boomerang closely misses you.
Things that are here:
2 boomerangs; a kobold corpse You barely miss the kobold.
The kobold barely misses you. The kobold hits you but does no damage.
The kobold barely misses you. The kobold attacks as you move away!
The kobold hits you but does no damage. The kobold barely misses you.
You hit the kobold.
You kill the kobold!
Trog accepts your kill.
You whack the kobold!
You kill the kobold!
Trog accepts your kill.
i - 5 boomerangs (gained 1)
i - 6 boomerangs (gained 1)
The kobold throws a boomerang.
The boomerang hits you.
Things that are here:
2 boomerangs; a kobold corpse You enter the shallow water.
Moving in this stuff is going to be slow.
Things that are here:
a boomerang; a fuming black potion
i - 7 boomerangs (gained 1);
n - 4 fuming black potions (gained 1) Unknown command.
Things that are here:
2 boomerangs; a kobold corpse
i - 9 boomerangs (gained 2)
You start resting.
HP restored.
There is a fountain of clear blue water here.
A hobgoblin comes into view. It is wielding a +0 war axe.
You start waiting.
A goblin is nearby!
You closely miss the goblin. You closely miss the goblin.
The goblin hits you but does no damage.
You barely miss the goblin. You whack the goblin!
Lightning courses through the goblin!
You kill the goblin!
Trog accepts your kill.
You completely miss the hobgoblin. You hit the hobgoblin but do no damage.
Lightning courses through the hobgoblin!
You kill the hobgoblin!
Trog accepts your kill.
A kobold comes into view.
The kobold shouts!
Items here: )) [[.
You start waiting.
A kobold is nearby!
The kobold throws a boomerang.
The boomerang misses you.
The kobold throws a boomerang.
The boomerang hits you.
You hit the kobold.
The kobold is moderately wounded.
You hit the kobold.
You kill the kobold!
Trog accepts your kill.
Press: ? - help, v - describe, . - travel
Here: an orc knight, wielding a +0 war axe and wearing a +0 ring mail (wandering, hasn't noticed you)
The floor.
Unknown command.
Aiming: Corrosive Bolt
Press: ? - help, Shift-Dir - straight line, f - orc knight
Aim: an orc knight, wielding a +0 war axe and wearing a +0 ring mail (wandering, hasn't noticed you, 64% to hit)
The bolt of acid hits the orc knight!
The acid corrodes the orc knight!
The orc knight is lightly wounded.
The orc knight shouts!
You hear a shout!
You hit the orc knight.
The orc knight is lightly wounded.
A kobold comes into view.
You hit the orc knight.
The orc knight is moderately wounded.
The orc knight hits you with a +0 war axe!!
You closely miss the orc knight.
The orc knight is moderately wounded.
You whack the orc knight!
The orc knight is moderately wounded.
The orc knight hits you with a +0 war axe.
You whack the orc knight!
Lightning courses through the orc knight!
The orc knight is severely wounded.
You closely miss the orc knight.
The orc knight is severely wounded.
The orc knight hits you with a +0 war axe!
You hit the orc knight.
The orc knight is severely wounded.
The kobold hits you.
You closely miss the orc knight.
The orc knight is severely wounded.
The orc knight hits you with a +0 war axe!
You whack the orc knight!
The orc knight is almost dead.
The kobold completely misses you.
You hit the orc knight.
The orc knight is almost dead.
The orc knight hits you with a +0 war axe!
You whack the orc knight!
Lightning courses through the orc knight!
You kill the orc knight!
Trog accepts your kill. The kobold barely misses you.
You hit the kobold but do no damage. You closely miss the kobold.
The kobold hits you but does no damage.
You miss the kobold. You hit the kobold but do no damage.
The kobold closely misses you.
You whack the kobold! Lightning courses through the kobold!
You kill the kobold!
Trog accepts your kill.
i - 10 boomerangs (gained 1)
You start resting.
A kobold comes into view.
The kobold shouts!
You hit the kobold.
The kobold is severely wounded.
The kobold closely misses you.
You miss the kobold.
The kobold is severely wounded.
You hit the kobold but do no damage.
The kobold is severely wounded.
The kobold completely misses you.
You hit the kobold.
You kill the kobold!
Trog accepts your kill.
You start resting.
A hobgoblin is nearby!
You hit the hobgoblin.
The hobgoblin is heavily wounded.
You hit the hobgoblin.
You kill the hobgoblin!
Trog accepts your kill.
You can now call in reinforcements.
You feel better.
You start resting.
A goblin is nearby!
The goblin shouts!
You hit the goblin.
The goblin is severely wounded.
You closely miss the goblin.
The goblin is severely wounded.
The goblin hits you but does no damage.
You hit the goblin.
You kill the goblin!
Trog accepts your kill.
You start resting.
HP restored.
i - 13 boomerangs (gained 3);
D - a ring of protection from fire
E - a potion of flight
Items here: ))))) [[[[[.
Okay, then.
Found a short gold wand.
Found a potion of flight.
F - a wand of roots (7)
Found 2 stones.
Found a gate leading back out of this place.
E - 2 potions of flight (gained 1)
You see here 2 stones.
You enter the shallow water.
Moving in this stuff is going to be slow.
You enter the shallow water.
Moving in this stuff is going to be slow.
Why would you want to do that?
Press: ? - help, . - travel You can't see that place. [a gate leading back out of this place.]
The kobold shouts!
There is an open door here.
The orc shouts!
The orc warrior shouts!
The orc pulls the alarm!
The alarm trap emits a blaring wail!
A sentinel's mark forms upon you.
A kobold comes into view.
There is an open door here.
You closely miss the orc warrior. The orc warrior barely misses you.
You closely miss the orc warrior. You closely miss the orc warrior.
The orc warrior hits you with a +0 war axe.
You hit the orc warrior.
The orc warrior is lightly wounded.
You hit the orc warrior.
The orc warrior is moderately wounded.
The orc warrior hits you but does no damage.
You whack the orc warrior!
Lightning courses through the orc warrior!
You kill the orc warrior!
Trog accepts your kill.
You hit the orc. Lightning courses through the orc!
You kill the orc!
Trog accepts your kill.
You feel better.
You closely miss the goblin. You closely miss the goblin.
An orc knight comes into view. It is wielding a +0 war axe.
The goblin hits you but does no damage.
Your skin crawls.
You feel strong-willed. The goblin hits you but does no damage.
You hit the goblin but do no damage. You closely miss the goblin.
The goblin completely misses you.
You completely miss the goblin. You hit the goblin but do no damage.
The goblin hits you but does no damage.
You hit the goblin but do no damage. You hit the goblin.
You kill the goblin!
Trog accepts your kill.
Aiming: Corrosive Bolt
Press: ? - help, Shift-Dir - straight line, f - kobold
Aim: a kobold, quivering boomerangs (64% to hit)
The bolt of acid misses the orc warrior.
The bolt of acid hits the kobold!
The acid corrodes the kobold!
You kill the kobold!
Trog accepts your kill.
The bolt of acid hits the orc knight but does no damage.
The orc warrior hits you with a +0 war axe!
You hit the orc warrior.
Lightning courses through the orc warrior!
The orc warrior is heavily wounded.
Aiming: Corrosive Bolt
Press: ? - help, Shift-Dir - straight line, f - orc warrior
Aim: an orc warrior, wielding a +0 war axe and wearing a +0 scale mail (heavily wounded, 64% to hit)
The bolt of acid hits the orc warrior!
The acid corrodes the orc warrior!
You kill the orc warrior!
Trog accepts your kill.
The bolt of acid hits the orc knight.
The acid corrodes the orc knight!
The orc knight is lightly wounded.
You whack the orc knight!
The orc knight is lightly wounded.
The orc knight hits you with a +0 war axe.
You whack the orc knight!
The orc knight is moderately wounded.
You whack the orc knight!
The orc knight is heavily wounded.
The orc knight closely misses you.
You hit the orc knight.
The orc knight is heavily wounded.
You whack the orc knight!
The orc knight is heavily wounded.
The orc knight hits you with a +0 war axe.
You whack the orc knight!
Lightning courses through the orc knight!
The orc knight is almost dead.
You hit the orc knight.
The orc knight is almost dead.
The orc knight hits you but does no damage.
You whack the orc knight!
You kill the orc knight!
Trog accepts your kill.
You feel better.
You have reached level 11!
G - 2 potions of heal wounds
j - 5 scrolls of enchant weapon (gained 1)
There is an open door, spattered with blood here.
Items here: ))))) [[[[[ †††.
You feel the effects of Trog's Hand fading.
You start resting.
HP restored.
There is an open door, spattered with blood here.
Items here: ))))) [[[[[ †††.
i - 14 boomerangs (gained 1);
E - 3 potions of flight (gained 1)
You see here a kobold corpse.
Press: ? - help, v - describe, . - travel, g - get item
Items here: ))))) [[[[[ †††.
An open door, spattered with blood.
Your skin stops crawling.
You feel less strong-willed.
There is an open door here.
You see here a +2 pair of boots of flying.
H - a +2 pair of boots of flying The sentinel's mark upon you fades away.
There is an open door here.
You start putting on your armour.
You continue putting on your +2 pair of boots of flying. x4
You finish putting on your +2 pair of boots of flying.
You fly up into the air.
There is an open door here.
There is an open door here.
Really fly onto that alarm trap?
You set off the alarm!
The alarm trap emits a blaring wail!
A sentinel's mark forms upon you.
You can no longer call in reinforcements.
There is an open door here.
There is an open door here.
Items here: ))))) [[[[[.
The kobold throws a boomerang.
The boomerang hits you but does no damage.
You see here a kobold skeleton.
The kobold throws a boomerang.
The boomerang closely misses you. The kobold barely misses you.
You hit the kobold but do no damage. Lightning courses through the kobold!
You kill the kobold!
Trog accepts your kill.
The sentinel's mark upon you fades away.
i - 16 boomerangs (gained 2)
There is a gate leading back out of this place here.
You see here a kobold skeleton.
The kobold hits you but does no damage.
You whack the kobold! Lightning courses through the kobold!!
You kill the kobold!
Trog accepts your kill.
i - 18 boomerangs (gained 2)
There is a gate leading back out of this place, spattered with blood here.
You see here a kobold corpse.
Done exploring.
Done exploring.
There is a gate leading back out of this place, spattered with blood here.
You see here a kobold corpse.
Search for what [? for help]? bailey
D - a ring of protection from fire (left claw)
You feel more attuned to fire.
h - a ring of fire (right claw) Welcome back to the Dungeon!
Level annotation: Maggie
There is an empty arch of ancient stone here.
Your skin crawls.
You feel strong-willed.
Maggie says, "Have you seen any dragons?"
The black bear growls angrily.
Maggie says, "Fear not.
I will immortalize you in the tale of my first kill."
You hit Maggie.
Maggie is lightly wounded.
You hit Maggie but do no damage. Your claw misses Maggie.
Maggie is lightly wounded.
Maggie completely misses you.
You closely miss Maggie.
Maggie is lightly wounded.
You closely miss Maggie.
Maggie is lightly wounded.
Maggie hits you with a +0 war axe.
You hit Maggie. Lightning courses through Maggie!!
Maggie is heavily wounded.
You hit Maggie.
Maggie is heavily wounded.
Maggie gestures wildly while chanting.
Maggie attempts to bespell you! You resist with almost no effort.
You hit Maggie but do no damage.
Maggie is heavily wounded.
You hit Maggie. Lightning courses through Maggie!
Maggie is almost dead.
Maggie hits you with a +0 war axe.
You hit Maggie. Lightning courses through Maggie!
You kill Maggie!
Trog accepts your kill.
Trog appreciates your killing of a magic user.
Your Fighting skill increases to level 11!
Things that are here:
a +0 war axe; +0 acid dragon scales I - +0 acid dragon scales
There is an empty arch of ancient stone here.
You see here a +0 war axe.
You see here a +0 war axe.
There is an open door here.
You feel the effects of Trog's Hand fading.
Your skin stops crawling.
You feel less strong-willed.
Throw: 4 darts (poison)
Press: ? - help, Q - select action, (/) - cycle Shift-Dir - straight line, f - black bear
Aim: a black bear (69% to hit)
You throw a poisoned dart. The poisoned dart hits the black bear.
The black bear is poisoned.
Unknown command.
Throw: 3 darts (poison)
Press: ? - help, Q - select action, (/) - cycle Shift-Dir - straight line, f/p - black bear
Aim: a black bear (lightly wounded, poisoned, 69% to hit)
You throw a poisoned dart.
The poisoned dart closely misses the black bear.
Unknown command.
You hit the black bear but do no damage.
The black bear is lightly wounded.
The black bear closely misses you. The black bear misses you.
The black bear claws you.
You hit the black bear.
The black bear is moderately wounded.
You whack the black bear!
The black bear is severely wounded.
The black bear closely misses you. The black bear claws you. x2
You closely miss the black bear.
The black bear is severely wounded.
You barely miss the black bear.
The black bear is severely wounded.
The black bear bites you but does no damage.
The black bear barely misses you.
The black bear claws you but does no damage.
You hit the black bear.
The black bear is almost dead.
You hit the black bear.
Lightning courses through the black bear!!
You kill the black bear!
Trog accepts your kill.
You see here a black bear corpse.
w - 3 poisoned darts (gained 1)
w - 4 poisoned darts (gained 1)
Okay, then.
You start removing your armour.
You continue taking off your +0 chain mail. x4
You finish taking off your +0 chain mail.
You start putting on your armour.
You continue putting on your +0 acid dragon scales. x3
HP restored.
You continue putting on your +0 acid dragon scales. x2
You finish putting on your +0 acid dragon scales.
You drop a +0 chain mail.
You see here a black bear corpse.
You now have 465 gold pieces (gained 17).
A kobold comes into view. It is wielding a +0 short sword.
The kobold shouts!
Things that are here:
a +0 robe; a +0 scimitar of flaming; the human skeleton of Erica You hit the kobold but do no damage.
You hit the kobold.
You kill the kobold!
Trog accepts your kill.
You can now call in reinforcements.
No target in view!
Found a short sword.
There is an entrance to Pyma's Distillery here.
You now have 474 gold pieces (gained 9).
Found a stone staircase leading down.
The yak bellows!
A yak comes into view. x2
The yak bellows!
A yak comes into view.
The yak bellows! x2
You hit the yak.
The yak is lightly wounded.
You closely miss the yak.
The yak is lightly wounded.
The yak gores you.
The yak bellows!
You hit the yak.
The yak is lightly wounded.
You whack the yak!
The yak is heavily wounded.
The yak barely misses you.
You hit the yak.
The yak is heavily wounded.
You hit the yak.
The yak is heavily wounded.
The yak gores you.
You hit the yak. Lightning courses through the yak!
You kill the yak!
Trog accepts your kill.
You hit the yak but do no damage. The yak gores you.
You hit the yak. Lightning courses through the yak!
The yak is heavily wounded.
You closely miss the yak.
The yak is heavily wounded.
The yak closely misses you.
You hit the yak.
The yak is heavily wounded.
You whack the yak! Lightning courses through the yak!
You kill the yak!
Trog accepts your kill.
Your Armour skill increases to level 2!
Your Dodging skill increases to level 2!
You hit the yak but do no damage. You hit the yak.
Lightning courses through the yak!
The yak is moderately wounded.
The yak gores you.
You whack the yak! Lightning courses through the yak!
The yak is almost dead.
You hit the yak but do no damage.
The yak is almost dead.
The yak barely misses you.
You hit the yak but do no damage.
The yak is almost dead.
You whack the yak! Lightning courses through the yak!!
You kill the yak!
Trog accepts your kill.
You feel better.
You hit the yak but do no damage. You hit the yak.
Lightning courses through the yak!!
The yak is heavily wounded.
The yak barely misses you.
You hit the yak. Lightning courses through the yak!
The yak is almost dead.
You barely miss the yak.
The yak is almost dead.
The yak gores you but does no damage.
You completely miss the yak.
The yak is severely wounded.
You whack the yak! Lightning courses through the yak!
You kill the yak!
Trog accepts your kill.
You barely miss the yak. You hit the yak but do no damage.
Lightning courses through the yak!!
The yak is heavily wounded.
The yak gores you.
You hit the yak. Lightning courses through the yak!
The yak is almost dead.
You whack the yak!
You kill the yak!
Trog accepts your kill.
You feel better.
Your Evocations skill increases to level 1!
Things that are here:
a yak corpse; a yak corpse; a yak corpse
There is an entrance to Gair Uwka's Assorted Antiques here.
Unknown command.
Unknown command.
l - a scroll labelled JAEMAI DEXE;
J - a scroll labelled JIATRO QUCUMOA
J - 2 scrolls labelled JIATRO QUCUMOA (gained 1) Thank you for shopping at Gair Uwka's Assorted Antiques!
Unknown command.
As you read the scroll of identify, it crumbles to dust.
l - a scroll of enchant armour
As you read the scroll of identify, it crumbles to dust.
A - a scroll of blinking You reach down and open the door.
There is an open door here.
You reach down and open the door.
There is an open door here.
There is an open door here.
There is an open door here.
As you open the door, it creaks loudly!
You hear a shout! x3
There is an open door here.
There is a stone staircase leading down here.
Found a flail.
A sky beast comes into view.
Adjust to which letter? (? for menu, Esc to quit)
b - a +1 flail of venom;
o - 4 scrolls of noise Your +1 whip of electrocution stops crackling.
Your +1 flail of venom begins to drip with poison!
b - a +1 flail of venom (weapon)
The sky beast hits you but does no damage.
You thump the sky beast!
The sky beast is poisoned.
The sky beast is moderately wounded.
The sky beast flickers out of sight!
Deactivating autopickup; reactivate with Ctrl-A.
Something hits you but does no damage.
You closely miss something. Something hits you but does no damage.
You hit something. Something hits you. Something shocks you.
You sock something! Trog accepts your kill.
You feel better.
Reactivating autopickup.
You feel a bit more experienced.
You see here a sky beast corpse.
Found a stone staircase leading down.
Search for what [Enter for "bailey", or ? for help]? sinv A wight comes into view.
It is wielding a +0 short sword.
Throw: 18 boomerangs
Press: ? - help, Q - select action, (/) - cycle Shift-Dir - straight line, f - wight
Aim: a wight, wielding a +0 short sword and wearing a +0 robe (wandering, hasn't noticed you, 62% to hit)
You throw a boomerang. The boomerang hits the wight.
The wight is moderately damaged.
You hit the wight.
The wight is heavily damaged.
The wight hits you with a +0 short sword.
You thump the wight!
You destroy the wight!
Trog accepts your kill.
Press: ? - help, v - describe, . - travel A closed door.
Placed new exclusion.
Reduced exclusion size to a single square.
There is an open door here.
Found a robe.
There is an open door here.
As you open the door, it creaks loudly!
There is an open door here. 2 wights come into view.
Throw: 18 boomerangs
Press: ? - help, Q - select action, (/) - cycle Shift-Dir - straight line, f - wight
Aim: a wight, wielding a +1 hand axe and wearing a +0 robe (wandering, hasn't noticed you, 62% to hit)
You throw a boomerang.
The boomerang hits the wight and shatters for extra damage.
The wight is lightly damaged.
There is an open door here.
Your +1 flail of venom stops dripping with poison.
You hear the crackle of electricity.
a - a +1 whip of electrocution (weapon)
You hit the wight but do no damage.
The wight is lightly damaged.
The wight hits you but does no damage.
You completely miss the wight.
The wight is lightly damaged.
You hit the wight.
The wight is heavily damaged.
The wight hits you with a +1 hand axe.
You closely miss the wight.
The wight is heavily damaged.
You hit the wight.
The wight is heavily damaged.
The wight hits you but does no damage.
You barely miss the wight.
The wight is heavily damaged.
You whack the wight! Lightning courses through the wight!
You destroy the wight!
Trog accepts your kill.
Things that are here:
a +1 hand axe; a +0 robe A wight comes into view.
It is wielding a +3 mace.
You start waiting.
A wight is nearby!
You hit the wight.
The wight is moderately damaged.
You whack the wight!
The wight is severely damaged.
The wight hits you with a +3 mace.
You hit the wight but do no damage.
The wight is severely damaged.
You hit the wight. Lightning courses through the wight!
You destroy the wight!
Trog accepts your kill.
Things that are here:
a +3 mace; a +0 robe You hit the wight.
The wight is moderately damaged.
You hit the wight.
The wight is severely damaged.
The wight hits you but does no damage.
You barely miss the wight.
The wight is severely damaged.
You whack the wight!
You destroy the wight!
Trog accepts your kill.
o - 5 scrolls of noise (gained 1)
Things that are here:
a +5 battleaxe; a +0 robe HP restored.
You reach down and open the door.
A sourceless malevolence fills the Dungeon...
With a horrendous wail, an alarm goes off!
A sentinel's mark forms upon you.
You hear a shout! x3; You hear an angry hiss.
You hear two shouts!
You hear a shout! x8; You hear an angry buzzing noise.
You hear a shout! x3
You hear a bellow!
You hear a shout!
There is an open door here.
An orc comes into view. It is wielding a +0 hand axe.
An orc comes into view. It is wielding a +0 whip.
An orc warrior comes into view. It is wielding a +0 flail.
An orc comes into view. It is wielding a +0 war axe.
An orc comes into view. It is wielding a +0 club.
The orc hits you but does no damage.
The orc moves out of view.
You hit the orc but do no damage. You closely miss the orc.
A wight comes into view. It is wielding a +0 mace.
An orc comes into view. It is wielding a +0 short sword.
The orc hits you with a +0 whip.
You hit the orc warrior but do no damage.
You hit the orc warrior but do no damage.
The orc closely misses you. The orc warrior barely misses you.
The orc hits you but does no damage.
An orc comes into view. It is wielding a +0 short sword.
You hit the orc warrior but do no damage.
You hit the orc warrior.
The orc warrior is lightly wounded.
The orc closely misses you. The orc hits you with a +0 whip.
The orc warrior hits you with a +0 flail!
You hit the orc warrior but do no damage.
Your claw misses the orc warrior.
The orc warrior is lightly wounded.
A killer bee comes into view.
Your skin crawls.
You feel strong-willed.
You can no longer call in reinforcements.
The orc barely misses you. The orc hits you but does no damage.
The orc warrior hits you with a +0 flail.
Aiming: Charm
Press: ? - help, Shift-Dir - straight line, f - orc warrior
Aim: an orc warrior, wielding a +0 flail and wearing a +0 chain mail (lightly wounded, chance to affect: 51%)
The orc warrior resists with significant effort.
A water moccasin comes into view.
The orc completely misses you.
An orc comes into view. It is wielding a +0 hand axe.
The orc hits you but does no damage.
The orc warrior hits you but does no damage.
Aiming: Charm
Press: ? - help, Shift-Dir - straight line, f/p - orc warrior
Aim: an orc warrior, wielding a +0 flail and wearing a +0 chain mail (lightly wounded, chance to affect: 51%)
The orc warrior is charmed.
A vampire mosquito comes into view.
The orc closely misses you. The orc barely misses you.
The orc hits your orc warrior with a +0 hand axe.
An orc comes into view. It is wielding a +0 dagger of venom.
The orc hits your orc warrior but does no damage.
The orc closely misses your orc warrior.
The vampire mosquito moves out of view.
You whack the orc!
You kill the orc!
Trog accepts your kill.
You feel better. The orc hits you with a +0 whip.
Your orc warrior hits the orc with a +0 flail!
The orc dies!
Trog accepts your kill.
You can now call in reinforcements.
The orc hits your orc warrior with a +0 club.
You whack the orc!
You kill the orc!
Trog accepts your kill.
You miss the water moccasin. The water moccasin barely misses you.
The orc hits your orc warrior but does no damage.
The wight closely misses your orc warrior.
Your orc warrior hits the orc with a +0 flail!
The orc dies!
Trog accepts your kill.
You hit the water moccasin.
The water moccasin is lightly wounded.
The water moccasin completely misses you.
You closely miss the water moccasin.
The water moccasin is lightly wounded.
The killer bee closely misses your orc warrior.
The vampire mosquito bites you!
An orc comes into view. It is wielding a +0 hand axe.
The water moccasin bites you but does no damage. x2
The vampire mosquito bites you but does no damage.
The wight hits your orc warrior with a +0 mace.
Your orc warrior hits the wight with a +0 flail!
You whack the water moccasin!
The water moccasin is moderately wounded.
A centaur comes into view.
The vampire mosquito bites you but does no damage.
The water moccasin bites you but does no damage.
You barely miss the water moccasin.
The water moccasin is moderately wounded.
Your orc warrior hits the wight with a +0 flail.
The wight closely misses your orc warrior.
A two-headed ogre comes into view.
It is wielding two +0 giant spiked clubs.
The vampire mosquito closely misses you.
Okay, then.
Unknown command.
Aiming: Charm
Press: ? - help, Shift-Dir - straight line, f - centaur, p - orc warrior
Aim: a centaur (chance to affect: 51%)
The centaur resists with significant effort.
You feel the effects of Trog's Hand fading.
The water moccasin bites you but does no damage.
The vampire mosquito barely misses you.
The centaur wields a +0 shortbow.
The centaur shoots an arrow.
The arrow hits you.
Your orc warrior barely misses the wight.
The wight hits your orc warrior with a +0 mace.
A sky beast comes into view.
The water moccasin bites you but does no damage.
The vampire mosquito completely misses you.
Aiming: Charm
Press: ? - help, Shift-Dir - straight line, f/p - centaur
Aim: a centaur, wielding a +0 shortbow (chance to affect: 51%)
The two-headed ogre is charmed.
The vampire mosquito closely misses you.
The centaur shoots an arrow.
The arrow hits your two-headed ogre.
The water moccasin bites you but does no damage.
Your orc warrior hits the wight with a +0 flail!
The wight is destroyed!
Trog accepts your kill.
You hit the water moccasin.
The water moccasin is heavily wounded.
The vampire mosquito bites you but does no damage.
The centaur shoots an arrow.
The arrow completely misses your two-headed ogre.
The arrow misses you. The water moccasin bites you!
You closely miss the water moccasin.
The water moccasin is heavily wounded.
The sentinel's mark upon you fades away.
The vampire mosquito bites you.
The centaur shoots an arrow.
The arrow hits your two-headed ogre.
Your orc warrior hits the water moccasin with a +0 flail!!
The water moccasin dies!
Trog accepts your kill.
The sky beast flickers out of sight!
Deactivating autopickup; reactivate with Ctrl-A.
A centaur warrior comes into view. It is wielding a +0 heavy battleaxe.
You hit the vampire mosquito.
The vampire mosquito is lightly damaged.
The vampire mosquito bites you but does no damage.
The centaur shoots an arrow.
The arrow hits your two-headed ogre!
You hit the vampire mosquito.
Lightning courses through the vampire mosquito!!
The vampire mosquito is almost destroyed.
The vampire mosquito closely misses you.
The centaur warrior unwields a +0 heavy battleaxe.
The centaur warrior wields a +0 shortbow.
The centaur warrior shoots an arrow.
The arrow hits you! The orc misses your orc warrior.
Your orc warrior misses the vampire mosquito.
Your two-headed ogre hits the centaur with a +0 giant spiked club!! x2
The centaur dies!
Trog accepts your kill.
You barely miss the vampire mosquito.
The vampire mosquito is almost destroyed.
The vampire mosquito closely misses you.
The centaur warrior shoots an arrow.
The arrow hits you!
You barely miss the vampire mosquito.
The vampire mosquito is almost destroyed.
The vampire mosquito bites you but does no damage.
The orc closely misses your orc warrior.
Your orc warrior hits the vampire mosquito with a +0 flail!
The vampire mosquito is destroyed!
Trog accepts your kill.
A sky beast appears from thin air!
Reactivating autopickup.
The sky beast hits you but does no damage.
A yak, an orc warrior and an orc come into view.
The orc warrior is wielding a +2 heavy battleaxe.
The orc warrior shouts!
The yak bellows!
You hear a shout! x2
The killer bee barely misses you.
The centaur warrior shoots an arrow.
The arrow hits you! The killer bee stings you. The orc misses your orc warrior.
An orc warrior comes into view. It is wielding a +0 trident.
An orc comes into view. It is wielding a +0 mace.
Your orc warrior hits the sky beast with a +0 flail.
The sky beast barely misses you.
The yak moves out of view.
The orc moves out of view.
You hear a shout!
The killer bee attacks as you move away!
The killer bee stings you but does no damage.
Your skin stops crawling.
You feel less strong-willed.
The centaur warrior shoots an arrow.
The arrow hits you! The killer bee stings you!
* * * LOW HITPOINT WARNING * * *
Your orc warrior hits the sky beast with a +0 flail!
The sky beast misses you.
Okay, then.
As you read the scroll of summoning, it crumbles to dust.
Wisps of shadow whirl around you...
Your orc wizard dissolves into shadows!
The killer bee barely misses you.
The centaur warrior shoots an arrow.
The arrow barely misses your two-headed ogre.
The arrow hits you!!
* * * LOW HITPOINT WARNING * * *
Your two-headed ogre hits the sky beast with a +0 giant spiked club!!
The sky beast dies!
Trog accepts your kill. The killer bee barely misses you.
The centaur warrior shoots an arrow.
The arrow hits your two-headed ogre!!
The orc hits your orc warrior but does no damage.
Your orc warrior barely misses the orc.
You feel much better. The killer bee barely misses you.
The centaur warrior shoots an arrow.
The arrow hits your two-headed ogre!
Your two-headed ogre dies!
Your centaur misses the killer bee.
Your centaur kicks the killer bee.
The killer bee stings you but does no damage.
The orc hits your orc warrior but does no damage.
Your orc warrior hits the orc with a +0 flail!
The orc dies!
Trog accepts your kill.
You closely miss the killer bee.
The killer bee is lightly wounded.
The centaur warrior shoots an arrow.
The arrow hits your centaur! The killer bee closely misses you.
Your centaur wields a +0 shortbow.
Your centaur shoots an arrow.
The arrow misses the killer bee.
Your centaur closely misses the killer bee.
Your centaur completely misses the killer bee.
You closely miss the killer bee.
The killer bee is lightly wounded.
The killer bee misses you.
The centaur warrior shoots an arrow.
The arrow hits your centaur!!
Your centaur dies!
Your centaur's corpse dissolves into shadows!
Your orc warrior hits the killer bee with a +0 flail!
Your orc hits the centaur warrior but does no damage.
You hit the killer bee but do no damage.
Lightning courses through the killer bee!
You kill the killer bee!
Trog accepts your kill.
Your centaur wields a +0 shortbow.
Your centaur shoots an arrow.
The arrow hits the orc.
Unknown command.
Okay, then.
An orc comes into view. It is wielding a +1 whip of draining.
The orc hits your orc warrior with a +0 short sword.
The orc warrior closely misses you.
An orc comes into view. It is wielding a +0 short sword.
Your orc warrior hits the orc with a +0 flail!
The orc dies!
Trog accepts your kill.
The orc warrior hits you with a +2 heavy battleaxe!!
You die...

Skill      XL: |  1  2  3  4  5  6  7  8  9 10 11 |
---------------+----------------------------------+-----
Maces & Flails | 3 4 5 7 8 10 12 | 12.8
Fighting       | 4 5 6 7 9 10 11 | 11.2
Armour         | 2 |  2.6
Dodging        | 2 |  2.5
Evocations     | 1 |  1.5

Action                     |  1- 3 |  4- 6 |  7- 9 | 10-12 || total
---------------------------+-------+-------+-------+-------++-------
  Melee: Mace              |    66 |   102 |    31 |       ||   199
         Whip              |       |       |   419 |   336 ||   755
         Punch             |       |       |     4 |     3 ||     7
         Flail             |       |       |    11 |    16 ||    27
  Throw: Javelin           |       |     1 |     4 |       ||     5
         Dart              |       |       |       |     2 ||     2
         Boomerang         |       |       |       |     2 ||     2
 Invoke: Trog's Hand       |       |     3 |     5 |    10 ||    18
  Evoke: Wand              |       |       |       |    10 ||    10
    Use: Potion            |     2 |       |     1 |     4 ||     7
         Scroll            |       |       |     7 |     4 ||    11
 Armour: Animal skin       |     4 |       |       |       ||     4
         Scale mail        |    20 |    19 |       |       ||    39
         Chain mail        |       |    38 |    93 |    96 ||   227
         Acid dragon scale |       |       |       |    26 ||    26
  Dodge: Dodged            |    28 |    35 |   115 |   114 ||   292

Levels and vault maps discovered:
D:1:      onia_arrival_zoo_common, layout_basic
D:2:      layout_rooms, basic_ecumenical_altar, nicolae_kite_square_tiling_tiny,
          uniq_sigmund
D:3:      layout_basic, serial_shops, nicolae_shop_industrial_runoff,
          hex_intersection, bh_walls_and_bars
D:4:      layout_loops_ring, hangedman_decor_points, uniq_blork_the_orc,
          uniq_duvessa, uniq_pikel, uniq_edmund
D:5:      layout_gridville, grunt_temple_overflow_bloody_war,
          gammafunk_temple_overflow_claw
D:6:      layout_basic, minmay_temple_entry_glass, interstate_on_off,
          minmay_pentangle
D:7:      layout_cave_pools, minmay_overflow_temple_star_quad,
          nicolae_gozag_zags_fifth_avenue, uniq_crazy_yiuf_cottage, uniq_joseph
D:8:      minmay_the_grid_four_pointed_star
          [minmay_the_grid_triangle_9x9_thin_v,
          minmay_the_grid_triangle_9x9_wacky_v,
          minmay_the_grid_triangle_9x9_sprig,
          minmay_the_grid_triangle_9x9_flanged_cone,
          minmay_the_grid_prize_shrinking_boxes], layout_gridville,
          general_overflow_altar, enter_bailey_8, serial_shops,
          nicolae_shop_tiny_real_fake_doors, shop, nicolae_diamond_shop,
          nicolae_shop_competitors_out_of_business, special_room
          [special_room_orc], uniq_prince_ribbit1, uniq_maggie, uniq_erica

Notes
Turn   | Place    | Note
-------+----------+-------------------------------------------
     0 | D:1      | scionoferis the Ghoul Berserker began the quest for the
                  | Orb.
     0 | D:1      | Reached XP level 1. HP: 19/19 MP: 0/0
     6 | D:1      | Noticed a snapping turtle
     6 | D:1      | Noticed a killer bee
     7 | D:1      | Noticed a salamander
     7 | D:1      | Noticed a polar bear
   568 | D:1      | Reached skill level 3 in Maces & Flails
   568 | D:1      | Reached XP level 2. HP: 26/26 MP: 1/1
   735 | D:2      | Reached XP level 3. HP: 23/33 MP: 2/2
   951 | D:2      | Found a faded altar of an unknown god.
   951 | D:2      | Identified a +2 robe of resistance
   951 | D:2      | Noticed Sigmund
  1108 | D:3      | Reached ** piety under Trog
  1244 | D:3      | Reached skill level 4 in Fighting
  1253 | D:3      | Found Raph's Distillery.
  1261 | D:3      | Bought a potion of heal wounds for 55 gold pieces
  1388 | D:3      | Reached XP level 4. HP: 22/40 MP: 3/3
  1518 | D:3      | Reached skill level 4 in Maces & Flails
  1587 | D:3      | Reached XP level 5. HP: 35/47 MP: 4/4
  2205 | D:4      | Noticed a black bear
  2223 | D:4      | Killed a black bear
  2224 | D:4      | Reached skill level 5 in Maces & Flails
  2224 | D:4      | Reached XP level 6. HP: 48/55 MP: 5/5
  2233 | D:3      | Reached skill level 5 in Fighting
  2273 | D:4      | Noticed Duvessa
  2287 | D:4      | Killed Duvessa
  2432 | D:4      | Reached XP level 7. HP: 61/61 MP: 6/6
  2485 | D:4      | Reached skill level 6 in Maces & Flails
  2550 | D:4      | Noticed Edmund
  2562 | D:4      | Killed Edmund
  2580 | D:4      | Noticed Pikel
  2604 | D:4      | Killed Pikel
  2605 | D:4      | Reached skill level 6 in Fighting
  2605 | D:4      | Reached skill level 7 in Maces & Flails
  2605 | D:4      | Reached XP level 8. HP: 29/71 MP: 7/7
  2842 | D:4      | Noticed Dowan
  2873 | D:4      | Killed Dowan
  3105 | D:4      | Noticed Blork the orc
  3119 | D:4      | Killed Blork the orc
  3120 | D:4      | Reached skill level 7 in Fighting
  3228 | D:5      | Entered Level 5 of the Dungeon
  3271 | D:5      | Found an ancient bone altar of Kikubaaqudgha.
  3271 | D:5      | Found a blossoming altar of Fedhas.
  3272 | D:5      | Found a shadowy altar of Dithmenos.
  3284 | D:5      | Reached *** piety under Trog
  3326 | D:5      | Reached skill level 8 in Maces & Flails
  3794 | D:5      | Found a bloodstained altar of Trog.
  3794 | D:5      | Found an iron altar of Okawaru.
  3958 | D:5      | Reached XP level 9. HP: 76/80 MP: 8/8
  4178 | D:5      | Reached skill level 9 in Maces & Flails
  4462 | D:6      | Reached skill level 8 in Fighting
  5080 | D:6      | Reached skill level 10 in Maces & Flails
  5238 | D:6      | Identified the +4 leather armour of Duty {rF++ rC+ Will+
                  | Int-5}
  5389 | D:6      | Found a staircase to the Ecumenical Temple.
  5514 | D:6      | Reached skill level 9 in Fighting
  5890 | D:7      | Identified a scroll of acquirement
  5923 | D:7      | Noticed Joseph
  5945 | D:7      | Killed Joseph
  5946 | D:7      | Reached XP level 10. HP: 31/91 MP: 9/9
  6418 | D:7      | Reached skill level 11 in Maces & Flails
  6708 | D:7      | Found a stormy altar of Qazlal.
  6716 | D:7      | Found a shimmering altar of Xom.
  6742 | D:7      | Found an opulent altar of Gozag.
  6745 | D:7      | Found Gozag's Platinum Reserve.
  6823 | D:7      | Found a runed translucent door.
  6824 | D:7      | Noticed Crazy Yiuf
  6830 | D:7      | Killed Crazy Yiuf
  6856 | D:8      | Noticed Prince Ribbit
  6867 | D:8      | Killed Prince Ribbit
  6867 | D:8      | Reached **** piety under Trog
  6870 | D:8      | Found Gair Uwka's Assorted Antiques.
  6962 | D:8      | Reached skill level 10 in Fighting
  7065 | D:8      | Found Pyma's Distillery.
  7074 | D:8      | Noticed Erica
  7102 | D:8      | Killed Erica
  7112 | D:8      | Noticed Maggie
  7125 | D:8      | Found a flagged portal.
  7155 | Bailey   | Entered a bailey
  7324 | Bailey   | Reached skill level 12 in Maces & Flails
  7396 | Bailey   | Noticed an orc knight
  7475 | Bailey   | Killed an orc knight
  7710 | Bailey   | Noticed an orc knight
  7728 | Bailey   | Killed an orc knight
  7729 | Bailey   | Reached XP level 11. HP: 96/101 MP: 10/10
  7852 | D:8      | Killed Maggie
  7853 | D:8      | Reached skill level 11 in Fighting
  7996 | D:8      | Reached skill level 2 in Armour
  7996 | D:8      | Reached skill level 2 in Dodging
  8012 | D:8      | Reached skill level 1 in Evocations
  8027 | D:8      | Bought a scroll labelled JAEMAI DEXE for 29 gold pieces
  8027 | D:8      | Bought a scroll labelled JIATRO QUCUMOA for 29 gold pieces
  8027 | D:8      | Bought a scroll labelled JIATRO QUCUMOA for 29 gold pieces
  8280 | D:8      | Noticed a two-headed ogre
  8284 | D:8      | Noticed a centaur warrior
  8291 | D:8      | HP: 6/102 [centaur warrior/arrow (18)]
  8296 | D:8      | Slain by an orc warrior

Vanquished Creatures
  Erica (D:8)
  Pikel (D:4)
  2 orc knights (Bailey)
  Joseph (D:7)
  Maggie (D:8)
  A hornet (D:7)
  Prince Ribbit (D:8)
  A wyvern (D:7)
  5 yaks (D:8)
  A steam dragon (D:8)
  Edmund (D:4)
  A water moccasin (D:6)
  Duvessa (D:4)
  An acid dragon (D:8)
  3 black bears (D:4 D:5 D:8)
  2 ice beasts (D:6)
  4 sky beasts (D:6 D:8)
  4 orc warriors (Bailey)
  An ogre (D:6)
  2 centaurs (D:7)
  A bullfrog (D:7)
  A kobold brigand (D:6)
  Blork the orc (D:4)
  A gnoll sergeant (D:5)
  4 scorpions (D:5 D:6)
  7 wights (D:6 D:8)
  Dowan (D:4)
  A killer bee (D:8)
  3 howler monkeys (D:8)
  2 jellies (D:6)
  3 orc priests (D:5 D:7)
  3 hounds (D:5 D:6)
  Crazy Yiuf (D:7)
  10 orc wizards (D:3 D:4 D:5 D:6 D:7)
  4 sleepcaps (D:5 D:6 D:7)
  4 iguanas (D:4 D:5 D:6)
  17 gnolls (D:5 D:6)
  13 adders (D:2 D:3 D:4 D:5 D:6)
  A shadow imp (D:6)
  3 white imps (D:6 D:8)
  3 ufetubi (D:5 D:6)
  2 worms (D:2 D:3)
  A dart slug (D:4)
  24 orcs (D:3 D:4 D:5 D:6 D:7)
  2 ball pythons (D:2 D:3)
  4 bats (D:1 D:2 D:3)
  5 endoplasms (D:2 D:3 D:4)
  2 giant cockroaches (D:3 D:4)
  6 goblins (D:2 D:3 Bailey)
  3 hobgoblins (D:1 Bailey)
  18 kobolds (D:1 D:2 D:3 D:4 Bailey)
  2 quokkas (D:1 D:3)
  3 frilled lizards (D:1 D:3)
  7 rats (D:2 D:3)
198 creatures vanquished.

Vanquished Creatures (collateral kills)
  A vampire mosquito (D:8)
  A water moccasin (D:8)
  A sky beast (D:8)
  A centaur (D:8)
  A wight (D:8)
  4 orcs (D:8)
9 creatures vanquished.

Vanquished Creatures (others)
  A two-headed ogre (D:8)
1 creature vanquished.

Grand Total: 208 creatures vanquished

Table legend: (Time is in decaauts)
 A = Elapsed time spent in this place.
 B = Non-inter-level travel time spent in this place.
 C = Inter-level travel time spent in this place.
 D = Time resting spent in this place.
 E = Time spent auto-exploring this place.
 F = Levels seen in this place.
 G = Mean time per level.
                   A        B        C        D        E       F      G
               +--------+--------+--------+--------+--------+-----+--------+
         Total |   8021 |   7657 |    364 |    842 |   4680 |   9 |  891.2 |
       Dungeon |   7374 |   7010 |    364 |    530 |   4637 |   8 |  921.8 |
        Bailey |    646 |    646 |      0 |    312 |     43 |   1 |  646.0 |
               +--------+--------+--------+--------+--------+-----+--------+

Top non-repeatable levels by time:
     D:6: 1484 daAuts
     D:3: 1209 daAuts
     D:5: 1151 daAuts
     D:4: 962 daAuts
     D:7: 867 daAuts
     D:1: 727 daAuts
  Bailey: 646 daAuts
     D:8: 617 daAuts
     D:2: 355 daAuts

Table legend:
 A = Non-vault XP
 B = Vault XP
 C = Vault XP percentage of total XP
 D = Non-vault monster count
 E = Vault monster count
 F = Vault count percentage of total count
                 A         B        C        D         E       F
            +---------+---------+-------+---------+---------+-------
      Total |    5863 |    6063 |  50.8 |     150 |      57 |  27.5
            +---------+---------+-------+---------+---------+-------
        D:1 |      10 |       0 |   0.0 |       6 |       0 |   0.0
        D:2 |      47 |       0 |   0.0 |      13 |       0 |   0.0
        D:3 |     161 |       0 |   0.0 |      23 |       0 |   0.0
        D:4 |     376 |    1070 |  74.0 |      17 |       5 |  22.7
        D:5 |     842 |      14 |   1.6 |      31 |       1 |   3.1
        D:6 |    1218 |     517 |  29.8 |      27 |       9 |  25.0
        D:7 |    1010 |     497 |  33.0 |      14 |       2 |  12.5
        D:8 |    2199 |    2191 |  49.9 |      19 |      15 |  44.1
     Bailey |       0 |    1774 | 100.0 |       0 |      25 | 100.0
            +---------+---------+-------+---------+---------+-------
